 Dungeon Crawl Stone Soup version 0.19.3-4-gbf9329e (console) character file.

38978 Kloppie the Peltast (level 14, -3/118 HPs)
             Began as a Formicid Fighter on Jan 27, 2017.
             Was a High Priest of Okawaru.
             Killed by divine providence
             ... invoked by Saint Roka
              (11 damage)
             ... on level 2 of the Orcish Mines.
             The game lasted 00:37:34 (21456 turns).

Kloppie the Peltast (Formicid Fighter)             Turns: 21456, Time: 00:37:35

Health: -3/118     AC: 21    Str: 26    XL:     14   Next: 37%
Magic:  0/14       EV: 12    Int:  9    God:    Okawaru [*****.]
Gold:   1878       SH: 25    Dex: 14    Spells: 0 memorised, 13 levels left

rFire  . . .     SeeInvis +     a - +1 battleaxe (flame)
rCold  . . .     Gourm    .     Q - +0 chain mail {rN+}
rNeg   + + .     Faith    .     B - +2 large shield
rPois  +         Spirit   +     (helmet unavailable)
rElec  .         Reflect  .     K - +0 cloak
rCorr  .         Harm     .     v - +2 pair of gloves
MR     ++...                    n - +1 pair of boots
Stlth  ..........               O - amulet of guardian spirit
                                F - ring "Yphol" {rN+ MR+ SInv Stlth-}
                                m - ring of poison resistance

@: mighty, heroism
A: permanent stasis, dig shafts and tunnels, four strong arms, antennae 3
a: Dig, Shaft Self, Heroism, Finesse, Renounce Religion


You were on level 2 of the Orcish Mines.
You worshipped Okawaru.
Okawaru was extremely pleased with you.
You were not hungry.

You visited 4 branches of the dungeon, and saw 20 of its levels.
You also visited: Labyrinth, Sewer and Ossuary.

You collected 1878 gold pieces.

Inventory:

Hand Weapons
 a - a +1 battleaxe of flaming (weapon)
 b - a +2 flail of protection
 p - a +0 executioner's axe
 U - a +0 blowgun
Missiles
 r - 10 curare-tipped needles
Armour
 n - a +1 pair of boots (worn)
 v - a +2 pair of gloves (worn)
 z - the +8 chain mail of Ruggour {+Blink rElec rC- MR+++}
   (Okawaru gifted it to you on level 1 of the Lair of Beasts)

   It makes you vulnerable to cold.
   It insulates you from electricity.
   It affects your resistance to hostile enchantments.
   It lets you blink.
 B - a +2 large shield (worn)
 K - a +0 cloak (worn)
 P - a +0 plate armour
 Q - a +0 chain mail of positive energy (worn)
Jewellery
 c - an uncursed amulet of faith
 m - a ring of poison resistance (left hand)
 C - an uncursed amulet of the gourmand
 D - an uncursed ring of protection from magic
 F - the ring "Yphol" (right hand) {rN+ MR+ SInv Stlth-}
   (You found it in a labyrinth)

   [ring of protection from magic]

   It protects you from negative energy.
   It affects your resistance to hostile enchantments.
   It lets you see invisible.
   It makes you less stealthy.
 N - the ring of Ytuesuepp {MR+ MP+9 Int+4}
   (You found it in a labyrinth)

   [ring of protection from magic]

   It affects your intelligence (+4).
   It affects your resistance to hostile enchantments.
   It affects your magic capacity (+9).
 O - an amulet of guardian spirit (around neck)
Wands
 g - a wand of iceblast (5/15)
 k - a wand of confusion (23/48)
 s - a wand of disintegration (10/24)
 x - a wand of lightning (10/15)
 A - a wand of confusion (24/48)
 J - a wand of paralysis (8/24)
 L - a wand of iceblast (8/15)
Scrolls
 d - 2 scrolls of magic mapping
 j - 2 scrolls of recharging
 q - 3 scrolls of fear
 w - a scroll of enchant weapon
 y - a scroll of fog
 G - 3 scrolls of amnesia
 H - 5 scrolls of remove curse
 S - 5 scrolls of identify
Potions
 e - a potion of cancellation
 i - 2 potions of might
 o - 3 potions of curing
 u - 5 potions of lignification
 E - 4 potions of flight
Comestibles
 f - 10 bread rations
 h - a slice of pizza
 t - 4 meat rations
 I - a beef jerky
 M - 47 fruits
 R - 20 chunks of flesh


   Skills:
 - Level 13.0(18.0) Fighting
 + Level 13.8(18.8) Axes
 * Level 9.9(14.9) Armour
 - Level 15.0(20.0) Shields


You had 13 spell levels left.
You didn't know any spells.

Dungeon Overview and Level Annotations

Branches:
Dungeon (12/15)            Temple (1/1) D:6            Lair (5/6) D:10
  Swamp (0/4) Lair:4       Spider (0/4) Lair:3        Slime (0/5) Lair:5
    Orc (2/2) D:9
    Elf: Orc:2

Altars:
Ashenzari
Cheibriados
Dithmenos
Elyvilon
Fedhas
Gozag
Hepliaklqana
Kikubaaqudgha
Makhleb
Nemelex Xobeh
Okawaru
Qazlal
Ru
Sif Muna
Trog
Uskayaw
Vehumet
Xom
Yredelemnul
Zin
The Shining One
Beogh

Shops:
Orc:2 %*

Annotations:
D:3 1 runed door
Lair:4 exclusion: oklob plant
Orc:2 Saint Roka


Innate Abilities, Weirdness & Mutations

You are under a permanent stasis effect.
You can dig through walls and to a lower floor.
Your four strong arms can wield two-handed weapons with a shield.
You have a pair of large antennae on your head. (SInv)


Message History

You block the orc warrior's attack.
You barely miss the orc knight.
The orc knight is almost dead.
You slice the orc warrior!! You burn the orc warrior.
You kill the orc warrior!
Okawaru accepts your kill. You block the orc knight's attack.
Saint Roka invokes the aid of Beogh against you.
Beogh smites you!
* * * LOW HITPOINT WARNING * * *
You block the orc's attack.
You slice the orc knight!! You burn the orc knight.
You kill the orc knight!
Okawaru accepts your kill.
You slash the orc warrior! You burn the orc warrior.
You block the orc warrior's attack.
Saint Roka roars a battlecry!
Saint Roka mumbles some strange prayers to Beogh against you.
Beogh smites you!
You die...

#####.....#.......#
##.............#
#.........#....##
##..............#
#oT.oo8.8.#..#.##
##...o).....#...#
##ooo##o{'##....##
#o.###{.{..###..#
#@## #8{.o8# ##.#
#.# ##o{{## #.# #.#
#...# #.# #.# {..{'
#.# #.# #{{o#. {#.#
#.# #.8.# #.# #.#{
{#.# #.# { { { #.#
#.# { {{{ { #.#


You could see Saint Roka, a troll, an orc sorcerer, 2 orc warriors and 3 orcs.

Vanquished Creatures
  Frances (D:12)
  The ghost of Dolanko the Carver, a journeyman NaFi of Cheibriados (Lair:2)
  A minotaur (Lab)
  2 hydras
  Erolcha (D:9)
  Harold (D:11)
  The ghost of baruk the Grappler, a journeyman DrTm (D:11)
  An orc high priest (Orc:2)
  6 death yaks (Lair:2)
  Urug (Lair:5)
  The ghost of ImaNewbie the Cruncher, a novice GrGl of Okawaru (D:9)
  2 orc knights
  A hill giant (D:11)
  2 orc sorcerers (Orc:1)
  An ugly thing (D:12)
  A cyclops (D:12)
  A black mamba (Lair:2)
  8 spiny frogs
  A rime drake (Lair:4)
  2 komodo dragons
  5 trolls
  4 jumping spiders (Lair:3)
  2 two-headed ogres
  A hornet (D:10)
  6 hippogriffs
  A spriggan (D:7)
  2 basilisks
  26 yaks
  5 redbacks (Lair:3)
  2 wyverns
  2 wraiths
  2 humans (D:7)
  Menkaure (Ossuary)
  A hungry ghost (D:8)
  A warg (Orc:1)
  A steam dragon (D:11)
  7 porcupines
  8 water moccasins
  A sky beast (D:7)
  2 ice beasts
  17 orc warriors
  A black bear (D:8)
  7 ogres
  4 phantoms
  4 wolves (Lair:5)
  9 centaurs
  6 crocodiles
  2 big kobolds
  An elf zombie (Ossuary)
  A gnoll sergeant (D:6)
  9 bullfrogs
  8 scorpions
  A wyvern skeleton (D:8)
  3 killer bees
  A lava snake (D:12)
  A bullfrog zombie (D:11)
  6 electric eels
  3 howler monkeys
  8 crimson imps
  8 centaur zombies
  7 hounds
  A quasit (D:7)
  7 jellies
  A gnoll shaman (Orc:1)
  15 orc priests
  A bullfrog skeleton (D:9)
  3 iguanas
  22 orc wizards
  Natasha (thrice) (D:3)
  8 worker ants
  2 hound zombies (D:11)
  A hound skeleton (D:10)
  6 mummies (Ossuary)
  A howler monkey zombie (D:5)
  A worker ant zombie (D:7)
  15 gnolls
  7 adders
  3 shadow imps
  An ooze (D:1)
  An adder skeleton (D:4)
  5 adder zombies (Ossuary)
  2 worms (D:2)
  2 dart slugs
  9 leopard geckos
  57 orcs
  3 ball pythons (Sewer)
  10 giant cockroaches
  A gnoll zombie (Ossuary)
  5 goblins
  5 hobgoblins
  14 jackals
  5 quokkas
  6 bats
  5 frilled lizards
  5 goblin zombies (Ossuary)
  5 hobgoblin zombies (Ossuary)
  23 kobolds
  2 kobold zombies (Ossuary)
  4 quokka zombies (Ossuary)
  11 rats
  2 rat zombies (Ossuary)
  A fungus (Lair:2)
  3 plants
507 creatures vanquished.

Vanquished Creatures (others)
  2 orcs (D:9)
  A kobold (D:9)
  2 fungi
  13 plants
18 creatures vanquished.

Grand Total: 525 creatures vanquished

Notes
Turn   | Place    | Note
-------+----------+-------------------------------------------
     0 | D:1      | Kloppie the Formicid Fighter began the quest for the Orb.
     0 | D:1      | Reached XP level 1. HP: 18/18 MP: 1/1
   243 | D:1      | Reached skill level 4 in Shields
   243 | D:1      | Reached XP level 2. HP: 14/24 MP: 2/2
   547 | D:1      | Reached XP level 3. HP: 29/29 MP: 3/3
  1006 | D:2      | Found a hazy altar of Hepliaklqana.
  1204 | D:2      | Reached XP level 4. HP: 35/35 MP: 4/4
  1274 | D:2      | Found a sacrificial altar of Ru.
  1502 | D:2      | Reached skill level 5 in Shields
  1839 | D:3      | Noticed Natasha
  1851 | D:3      | Killed Natasha
  1903 | D:3      | Found a glowing drain.
  1910 | D:3      | Reached XP level 5. HP: 28/41 MP: 5/5
  1936 | Sewer    | Entered a sewer
  2831 | D:3      | Noticed Natasha
  2841 | D:3      | Killed Natasha
  2841 | D:3      | Reached skill level 6 in Shields
  2928 | D:3      | Noticed Natasha
  2938 | D:3      | Killed Natasha
  3027 | D:3      | Reached XP level 6. HP: 44/47 MP: 6/6
  3164 | D:3      | Found a runed door.
  3882 | D:4      | Noticed a phantom
  3907 | D:4      | Reached XP level 7. HP: 46/54 MP: 7/7
  3946 | D:4      | Reached skill level 5 in Fighting
  4338 | D:4      | Gained mutation: Scrolls take you a little longer to read. [potion of mutation]
  4338 | D:4      | Gained mutation: You are agile. (Dex +2) [potion of mutation]
  4338 | D:4      | Gained mutation: Scrolls take you longer to read. [potion of mutation]
  4339 | D:4      | Gained mutation: You are somewhat resistant to further mutation. [potion of mutation]
  4340 | D:4      | Lost mutation: Scrolls take you longer to read. [potion of mutation]
  4378 | D:4      | Lost mutation: You are agile. (Dex +2) [potion of cure mutation]
  4378 | D:4      | Lost mutation: Scrolls take you a little longer to read. [potion of cure mutation]
  4378 | D:4      | Lost mutation: You are somewhat resistant to further mutation. [potion of cure mutation]
  4380 | D:5      | Entered Level 5 of the Dungeon
  4483 | D:5      | Found a sand-covered staircase.
  4490 | Ossuary  | Entered an ossuary
  4649 | Ossuary  | Reached skill level 5 in Axes
  4649 | Ossuary  | Reached XP level 8. HP: 64/64 MP: 8/8
  4654 | Ossuary  | Noticed Menkaure
  4663 | Ossuary  | Killed Menkaure
  5088 | D:5      | Found a deep blue altar of Sif Muna.
  5120 | D:5      | Found a snail-covered altar of Cheibriados.
  5562 | D:6      | Noticed a wyvern
  5572 | D:5      | Reached XP level 9. HP: 49/72 MP: 9/9
  5580 | D:5      | Reached skill level 5 in Armour
  5914 | D:6      | Found a staircase to the Ecumenical Temple.
  5931 | Temple   | Entered the Ecumenical Temple
  6120 | Temple   | Became a worshipper of Warmaster Okawaru
  6359 | D:6      | Reached * piety under Okawaru
  6359 | D:6      | Reached skill level 7 in Shields
  7145 | D:7      | Reached skill level 8 in Shields
  7216 | D:7      | Reached ** piety under Okawaru
  7216 | D:7      | Reached XP level 10. HP: 65/79 MP: 10/10
  7246 | D:7      | Reached skill level 9 in Shields
  7572 | D:7      | Found an iron altar of Okawaru.
  7954 | D:8      | Reached *** piety under Okawaru
  7954 | D:8      | Reached skill level 10 in Shields
  8596 | D:9      | Noticed ImaNewbie's ghost (novice GrGl)
  8620 | D:9      | Killed ImaNewbie's ghost
  8620 | D:9      | Reached **** piety under Okawaru
  8620 | D:9      | Reached skill level 11 in Shields
  8903 | D:9      | HP: 1/79 [electric eel/bolt of electricity (11)]
 10061 | D:9      | Found a blossoming altar of Fedhas.
 10156 | D:9      | Noticed Erolcha
 10167 | D:9      | Killed Erolcha
 10167 | D:9      | Reached ***** piety under Okawaru
 10167 | D:9      | Received a gift from Okawaru
 10167 | D:9      | Reached XP level 11. HP: 61/87 MP: 11/11
 10570 | D:10     | Entered Level 10 of the Dungeon
 11026 | D:10     | Reached skill level 10 in Axes
 11510 | D:10     | Found a staircase to the Lair.
 11592 | D:9      | Found a staircase to the Orcish Mines.
 11814 | Lair:1   | Entered Level 1 of the Lair of Beasts
 12095 | Lair:1   | Received a gift from Okawaru
 12096 | Lair:1   | Got a steaming chain mail {god gift}
 12107 | Lair:1   | Identified the +8 chain mail of Ruggour {+Blink rElec rC- MR+++} (Okawaru gifted it to you on level 1 of the Lair of Beasts)
 12641 | Lair:2   | Found a labyrinth entrance.
 12650 | Lab      | Entered a labyrinth
 13285 | Lab      | Noticed a minotaur
 13298 | Lab      | Killed a minotaur
 13298 | Lab      | Reached XP level 12. HP: 73/97 MP: 10/12
 13305 | Lab      | Got a scorched pewter ring
 13305 | Lab      | Got a smoking turquoise ring
 13310 | Lair:2   | Identified the ring "Yphol" {rN+ MR+ SInv Stlth-} (You found it in a labyrinth)
 13311 | Lair:2   | Identified the ring of Ytuesuepp {MR+ MP+9 Int+4} (You found it in a labyrinth)
 13366 | Lair:2   | Noticed a four-headed hydra
 13389 | Lair:2   | Killed a four-headed hydra
 13389 | Lair:2   | Reached skill level 12 in Shields
 13784 | Lair:2   | Reached ****** piety under Okawaru
 13882 | Lair:2   | Noticed Dolanko's ghost (journeyman NaFi)
 13905 | Lair:2   | Killed Dolanko's ghost
 13905 | Lair:2   | Received a gift from Okawaru
 13905 | Lair:2   | Reached skill level 13 in Shields
 14317 | Lair:3   | Noticed a death yak
 14326 | Lair:3   | Noticed a death yak
 14327 | Lair:3   | Noticed a death yak
 14328 | Lair:3   | Noticed a death yak
 14329 | Lair:3   | Noticed a death yak
 14338 | Lair:2   | Killed a death yak
 14338 | Lair:2   | Received a gift from Okawaru
 14475 | Lair:3   | Noticed a death yak
 14484 | Lair:2   | Killed a death yak
 14498 | Lair:2   | Killed a death yak
 14498 | Lair:2   | Reached skill level 14 in Shields
 14756 | Lair:2   | Killed a death yak
 14756 | Lair:2   | Killed a death yak
 14756 | Lair:2   | Reached XP level 13. HP: 39/103 MP: 10/13
 15389 | Lair:3   | Reached skill level 15 in Shields
 15415 | Lair:3   | Found a hole to the Spider Nest.
 15810 | Lair:4   | Noticed a six-headed hydra
 15822 | Lair:4   | Killed a seven-headed hydra
 15822 | Lair:4   | Reached skill level 10 in Fighting
 16067 | Lair:4   | Found a staircase to the Swamp.
 16116 | Lair:4   | Received a gift from Okawaru
 16460 | Lair:5   | Found a staircase to the Slime Pits.
 16987 | Lair:5   | Noticed Urug
 17011 | Lair:5   | Killed Urug
 17301 | D:11     | Noticed baruk's ghost (journeyman DrTm)
 17327 | D:11     | Killed baruk's ghost
 17327 | D:11     | Received a gift from Okawaru
 17728 | D:11     | Noticed Harold
 17741 | D:11     | Killed Harold
 18648 | D:12     | Found a sparkling altar of Nemelex Xobeh.
 18851 | D:12     | Reached XP level 14. HP: 63/116 MP: 14/14
 18927 | D:12     | Noticed Frances
 18957 | D:12     | Killed Frances
 18957 | D:12     | Received a gift from Okawaru
 19656 | D:9      | HP: 3/116 [electric eel/bolt of electricity (14)]
 20051 | Orc:1    | Entered Level 1 of the Orcish Mines
 20670 | Orc:1    | Found a roughly hewn altar of Beogh.
 21035 | Orc:2    | Entered Level 2 of the Orcish Mines
 21035 | Orc:2    | Found Pipuxet's Assorted Antiques.
 21070 | Orc:2    | Found a roughly hewn altar of Beogh.
 21268 | Orc:2    | Found Suhy's Food Shoppe.
 21440 | Orc:2    | Noticed Saint Roka
 21456 | Orc:2    | Killed from afar by Saint Roka

Skill      XL: |  1  2  3  4  5  6  7  8  9 10 11 12 13 14 |
---------------+-------------------------------------------+-----
Shields        | 4 5 6 8 11 14 15 | 15.0
Axes           | 3 4 5 6 7 9 11 12 13 | 13.8
Fighting       | 4 6 7 8 9 12 13 | 13.0
Armour         | 4 7 8 9 |  9.9

Action                   |  1- 3 |  4- 6 |  7- 9 | 10-12 | 13-15 || total
-------------------------+-------+-------+-------+-------+-------++-------
Melee: War axe           |   117 |   242 |   529 |   287 |       ||  1175
       Unarmed           |       |     5 |       |       |       ||     5
       Broad axe         |       |       |       |   371 |   181 ||   552
       Flail             |       |       |       |    17 |     7 ||    24
       Battleaxe         |       |       |       |       |   374 ||   374
 Fire: Blowgun           |       |       |       |     1 |       ||     1
Invok: Heroism           |       |       |       |     6 |     3 ||     9
 Abil: Dig               |       |       |       |       |     2 ||     2
  Use: Scroll            |       |     5 |    21 |     6 |     4 ||    36
       Potion            |       |       |    15 |     6 |    10 ||    31
  Eat: Chunk             |     1 |    12 |    17 |    18 |    15 ||    63
       Royal jelly       |       |       |       |     2 |       ||     2
       Meat ration       |       |       |       |       |     2 ||     2
Armor: Scale mail        |    38 |    98 |    95 |       |       ||   231
       Skin              |       |     1 |       |       |       ||     1
       Plate armour      |       |       |    75 |   206 |       ||   281
       Chain mail        |       |       |       |    92 |   166 ||   258
Dodge: Dodged            |    30 |    76 |    74 |    87 |    95 ||   362
Block: Shield            |    67 |   104 |       |       |       ||   171
       Large shield      |       |    58 |   422 |   651 |   555 ||  1686
